 Dungeon Sprint DCSS version 0.18-a0-1027-g814d7dd (webtiles) character file.

0 M4edhros the Apprentice (level 3, 0/25 HPs)
             Began as an Octopode Artificer on Jan 9, 2016.
             Was an Initiate of Pakellas.
             Killed from afar by Jessica (3 damage)
             ... with a wand of flame
             ... in the Dungeon (Sprint VI: "Thunderdome").
             The game lasted 00:01:48 (130 turns).

M4edhros the Apprentice (Octopode Artificer)         Turns: 130, Time: 00:01:48

Health: 0/25       AC:  1    Str: 11    XL:     3   Next: 41%
Magic:  7/7        EV: 18    Int: 16    God:    Pakellas [......]
Gold:   20         SH:  0    Dex: 17    Spells: 0 memorised, 2 levels left

rFire  + + .     SeeInvis +     a - +0 short sword
rCold  + + +     Gourm    .     (no shield)
rNeg   + . .     Faith    .     (helmet restricted)
rPois  +         Spirit   .     (no amulet)
rElec  .         Dismiss  .     p - ring "Wigen" {rN+ EV+4 Dex+4}
rCorr  .         Reflect  .     q - ring of Linearity {*Confuse rPois rF++ rC++}
SustAt .         Harm     .     r - ring of Koamulol {+Fly Str+3 Slay+2 SInv}
MR     .....     NoTele   +     s - ring "Ocwe" {*Confuse rC+ Str-2 Int+2 Slay+2} (curse)
Stlth  ++++......               (no ring)
                                (no ring)
                                (no ring)
                                (no ring)

@: not resistant to hostile enchantments, stealthy
A: almost no armour, amphibious, 8 rings, constrict 8, camouflage 1, gelatinous
body 1
a: Renounce Religion, Evoke Flight


You were in the Dungeon.
You worshipped Pakellas.
Pakellas was noncommittal.
You were not hungry.

You visited 1 branch You collected 200 gold pieces.
You spent 180 gold pieces at shops.

Inventory:

Hand Weapons
 a - a +0 short sword (weapon)
Jewellery
 p - the ring "Wigen" (left tentacle) {rN+ EV+4 Dex+4}
   (You bought it in a shop in the Dungeon)

   [ring of evasion]

   It affects your evasion (+4).
   It affects your dexterity (+4).
   It protects you from negative energy.
 q - the ring of Linearity (right tentacle) {*Confuse rPois rF++ rC++}
   (You bought it in a shop in the Dungeon)

   [ring of poison resistance]

   It greatly protects you from fire.
   It greatly protects you from cold.
   It protects you from poison.
   It may confuse you when you take damage.
 r - the ring of Koamulol (on tentacle) {+Fly Str+3 Slay+2 SInv}
   (You bought it in a shop in the Dungeon)

   [ring of flight]

   It affects your strength (+3).
   It affects your accuracy and damage with ranged weapons and melee attacks
   (+2).
   It lets you see invisible.
   It lets you fly.
 s - the cursed ring "Ocwe" (on tentacle) {*Confuse rC+ Str-2 Int+2 Slay+2}
   (You bought it in a shop in the Dungeon)

   [ring of strength]

   It affects your strength (-2).
   It affects your intelligence (+2).
   It affects your accuracy and damage with ranged weapons and melee attacks
   (+2).
   It protects you from cold.
   It may confuse you when you take damage.
   It has a curse placed upon it.
Wands
 b - a wand of flame (15/48)
 c - a wand of enslavement (15/24)
 d - a wand of random effects (9/48)
 m - a wand of cold (5/15)
 n - a wand of fire (3/15)
Scrolls
 k - 4 scrolls of blinking
 o - 3 scrolls of fog
Potions
 e - a potion of curing
 g - 4 potions of heal wounds
 h - 4 potions of haste
 i - 2 potions of magic
 j - a potion of berserk rage
 l - a potion of resistance
Comestibles
 f - a bread ration


   Skills:
 + Level 2.9 Fighting
 - Level 1.0 Short Blades
 + Level 3.4 Dodging
 + Level 4.2 Stealth
 * Level 5.5 Evocations


You had 2 spell levels left.
You didn't know any spells.

Dungeon Overview and Level Annotations

Branches:
Dungeon (1/1)

Altars:
Cheibriados
Dithmenos
Fedhas
Gozag
Kikubaaqudgha
Makhleb
Okawaru
Pakellas
Qazlal
Ru
Sif Muna
Trog
Vehumet
Xom
Yredelemnul
Zin
The Shining One
Jiyva
Lugonu

Shops:
D *[%??*?*:[((!!!!

Annotations:
D Jessica


Innate Abilities, Weirdness & Mutations

You cannot wear most types of armour.
You are amphibious.
You can wear up to eight rings at the same time.
You can use your tentacles to constrict eight enemies at once.
Your skin changes colour to match your surroundings (Stealth).
Your rubbery body absorbs attacks (AC +1).


Message History

This wand has 3 charges left.
You see here the human corpse of Sigmund.
Jessica zaps a wand.
The puff of flame hits you! You resist.
* * * LOW HITPOINT WARNING * * *
Evoke which item? (* to show all) (? for menu, Esc to quit)
Zapping:
d - a wand of random effects (11/48)
Press: ? - help, Shift-Dir - straight line, f - Jessica
Aim: Jessica, wielding a dagger, wearing a robe and carrying a wand of flame {zapped: 4} (fast+slow) Nothing appears to happen.
This wand has 10 charges left.
Jessica zaps a wand.
The puff of flame hits you! You resist.
* * * LOW HITPOINT WARNING * * *
Evoke which item? (* to show all) (? for menu, Esc to quit)
Zapping:
d - a wand of random effects (10/48)
Press: ? - help, Shift-Dir - straight line, f/p - Jessica
Aim: Jessica, wielding a dagger, wearing a robe and carrying a wand of flame {zapped: 5} (fast+slow) Jessica looks slightly unstable.
This wand has 9 charges left. 20...
Jessica zaps a wand.
The puff of flame hits you! You resist.
You die...
Xom chortles!

#∩.......∩# #........_#
#_......._# #.)......_#
###.........###
#⌠...........⌠#
######.8......)..8.#
##∩___@.....###......
###∩†.@.....8.# #.8....
##.............###......
#⌠..........###...###...
#⌠..........# #.<.# #...
#⌠..........###...###...
##.............###......
###∩........8.# #.8....
##∩_._......###......
######.8.........8.#


You could see Jessica.

Vanquished Creatures
  An iguana (D)
  An adder (D)
  An orc (D)
3 creatures vanquished.

Notes
Turn   | Place    | Note
--------------------------------------------------------------
     0 | D        | M4edhros the Octopode Artificer began the quest for the Orb.
     0 | D        | Reached XP level 1. HP: 13/13 MP: 3/3
     0 | D        | Found a glowing golden altar of the Shining One.
     4 | D        | Found a radiant altar of Vehumet.
     4 | D        | Found a stormy altar of Qazlal.
     5 | D        | Found a glowing silver altar of Zin.
     5 | D        | Found a basalt altar of Yredelemnul.
     5 | D        | Round 1.
     6 | D        | Found Juqoclu's Bee Food.
     6 | D        | Found an oddly glowing altar of Pakellas.
     6 | D        | Found Ocliapsa's Identification Station.
     7 | D        | Found Sitausho's Jewellery.
     7 | D        | Found Tuwad's Advanced Armour.
    15 | D        | Bought a faintly glowing copper ring for 45 gold pieces
    15 | D        | Bought a faintly glowing brass ring for 45 gold pieces
    15 | D        | Bought a glittering copper ring for 45 gold pieces
    15 | D        | Bought a twitching gossamer ring for 45 gold pieces
    15 | D        | Identified the ring "Wigen" {rN+ EV+4 Dex+4} (You bought it in a shop in the Dungeon)
    16 | D        | Identified the ring of Linearity {*Confuse rPois rF++ rC++} (You bought it in a shop in the Dungeon)
    17 | D        | Identified the ring of Koamulol {+Fly Str+3 Slay+2 SInv} (You bought it in a shop in the Dungeon)
    18 | D        | Identified the cursed ring "Ocwe" {*Confuse rC+ Str-2 Int+2 Slay+2} (You bought it in a shop in the Dungeon)
    36 | D        | Found Carruboe's Magic Scroll Shop.
    36 | D        | Found Pimm's Magic Scroll Shop.
    37 | D        | Found Ogismap's Must-Have Magic.
    40 | D        | Found an opulent altar of Gozag.
    40 | D        | Found a burning altar of Makhleb.
    40 | D        | Found a corrupted altar of Lugonu.
    40 | D        | Found Laaloc's Staff Store.
    44 | D        | Found a bloodstained altar of Trog.
    46 | D        | Found a deep blue altar of Sif Muna.
    47 | D        | Found Zis Argh's Distillery.
    47 | D        | Found a sacrificial altar of Ru.
    47 | D        | Found a blossoming altar of Fedhas.
    47 | D        | Found Okhlajupt's Do-It-Yourself Clinic.
    48 | D        | Found Teluemeg's Distillery.
    48 | D        | Found Bumov's Bottled Wisdom.
    58 | D        | Reached skill level 4 in Evocations
    58 | D        | Reached XP level 2. HP: 17/19 MP: 5/5
    68 | D        | Found an ancient bone altar of Kikubaaqudgha.
    75 | D        | Found a viscous altar of Jiyva.
    75 | D        | Found a shadowy altar of Dithmenos.
    75 | D        | Found Foupucw's Weapon Rack.
    75 | D        | Found Xonuwnon's Basic Armour.
    76 | D        | Found Cyhokon's Miscellaneous Merchandise.
    77 | D        | Found a shimmering altar of Xom.
    77 | D        | Found a snail-covered altar of Cheibriados.
    77 | D        | Found an iron altar of Okawaru.
    77 | D        | Found Zebluf Unwes's Premium Goods.
    85 | D        | Became a worshipper of Xom of Chaos
    91 | D        | Fell from the grace of Xom
    91 | D        | Became a worshipper of Pakellas the Inventive
   110 | D        | Noticed Jessica
   110 | D        | Noticed Sigmund
   111 | D        | Noticed Sigmund
   111 | D        | Sigmund changed into Sigmund the wasp
   112 | D        | Noticed Sigmund
   112 | D        | Sigmund the wasp changed into Sigmund the iguana
   125 | D        | Killed Sigmund the iguana
   125 | D        | Reached skill level 5 in Evocations
   125 | D        | Reached XP level 3. HP: 8/25 MP: 7/7
   130 | D        | Killed from afar by Jessica

Vault maps used:
D:        arena_sprint

Action                   || total
-------------------------++-------
Melee: Short sword       ||     6
Evoke: Wand              ||     8
